 Dungeon Crawl Stone Soup version 0.18.1-48-g4cf74bf (webtiles) character file.

99752 turokix the Thaumaturge (level 16, -13/97 HPs)
             Began as a Gargoyle Earth Elementalist on Sept 10, 2016.
             Was a High Priest of Vehumet.
             Shot with an arrow by a deep elf archer (25 damage)
             ... on level 1 of the Elven Halls on Sept 11, 2016.
             The game lasted 02:00:04 (28425 turns).

turokix the Thaumaturge (GrEE)                     Turns: 28425, Time: 02:00:04

Health: -13/97     AC: 27    Str: 15    XL:     16   Next: 25%
Magic:  26/47      EV: 14    Int: 32    God:    Vehumet [*****.]
Gold:   714        SH:  0    Dex: 12    Spells: 5 memorised, 25 levels left

rFire  . . .     SeeInvis .     H - staff of power
rCold  + . .     Gourm    +     J - +1 ring mail of Yredelemnul's Regard {*Drain Str+3 Int+6}
rNeg   + + .     Faith    .     (no shield)
rPois  ∞         Spirit   .     P - +0 helmet "Fuom" {rPois rCorr}
rElec  +         Dismiss  .     N - +1 cloak
rCorr  +         Reflect  .     t - +1 pair of gloves
SustAt .         Harm     .     F - +2 pair of boots
MR     ++...                    c - amulet of the gourmand
Stlth  ++........               E - +3 ring of intelligence
                                r - ring "Ypif" {rC+ rN+ MR+ Dex+2 Stlth+}

@: flying, very slightly contaminated, very resistant to hostile enchantments,
unstealthy
A: big wings, negative energy resistance 1, electricity resistance, unbreathing,
petrification resistance, rot immunity, AC +11
a: Stop Flying, Renounce Religion


You were on level 1 of the Elven Halls.
You worshipped Vehumet.
Vehumet was extremely pleased with you.
You were very full.

You visited 5 branches of the dungeon, and saw 24 of its levels.

You collected 1955 gold pieces.
You spent 1241 gold pieces at shops.

Inventory:

Hand Weapons
 g - the +5 quarterstaff of Unpleasantness {freeze, +Blink rF+++ rC+ Dex-4}
   (You bought it in a shop on level 2 of the Orcish Mines)

   It has been specially enchanted to freeze those struck by it, causing extra
   injury to most foes and up to half again as much damage against particularly
   susceptible opponents.
   It can also slow down cold-blooded creatures.
   It affects your dexterity (-4).
   It renders you almost immune to fire.
   It protects you from cold.
   It lets you blink.
 i - a +9 whip of electrocution
Armour
 j - a +1 robe of cold resistance
 t - a +1 pair of gloves (worn)
 y - a +0 leather armour of fire resistance
 A - a +0 shield of fire resistance
 F - a +2 pair of boots (worn)
 G - a +2 leather armour of poison resistance
 J - the +1 ring mail of Yredelemnul's Regard (worn) {*Drain Str+3 Int+6}
   (You found it on level 6 of the Lair of Beasts)

   It affects your strength (+3).
   It affects your intelligence (+6).
   It causes draining when unequipped.
 N - a +1 cloak (worn)
 P - the +0 helmet "Fuom" (worn) {rPois rCorr}
   (You bought it in a shop on level 2 of the Orcish Mines)

   It protects you from poison.
   It protects you from acid and corrosion.
 R - a +2 leather armour of fire resistance
 T - a +2 shield
Magical Staves
 H - an uncursed staff of power (weapon)
Jewellery
 c - an amulet of the gourmand (around neck)
 r - the ring "Ypif" (left hand) {rC+ rN+ MR+ Dex+2 Stlth+}
   (You found it on level 8 of the Dungeon)

   [ring of stealth]

   It affects your dexterity (+2).
   It protects you from cold.
   It protects you from negative energy.
   It affects your resistance to hostile enchantments.
   It makes you more stealthy.
 E - a +3 ring of intelligence (right hand)
Wands
 w - a wand of lightning (7/15)
 z - a wand of flame (21/48)
 M - a wand of teleportation (3/9)
 O - a wand of hasting (0/9)
Scrolls
 a - a scroll of amnesia
 f - a scroll of fear
 h - 3 scrolls of fog
 l - 2 scrolls of identify
 o - 3 scrolls of enchant armour
 s - 3 scrolls of recharging
 u - a scroll of teleportation
 I - 4 scrolls of remove curse
 L - a scroll of vulnerability {unknown}
 U - a scroll of blinking {unknown}
Potions
 e - a potion of magic
 n - a potion of beneficial mutation
 p - 2 potions of brilliance
 q - a potion of resistance
 x - 3 potions of haste
 B - 2 potions of cure mutation
 S - a potion of cancellation {unknown}
Miscellaneous
 Q - a fan of gales (inert)
Comestibles
 d - 8 bread rations
 k - 7 meat rations
 v - 5 slices of pizza
 C - 12 royal jellies
 D - 44 fruits
 K - 2 beef jerkies


   Skills:
 + Level 9.8 Fighting
 - Level 3.7(6.2) Maces & Flails
 + Level 7.8(8.2) Staves
 - Level 6.0 Armour
 + Level 8.0 Dodging
 - Level 2.1 Stealth
 + Level 7.0 Shields
 * Level 12.7 Spellcasting
 + Level 10.6 Conjurations
 - Level 0.7 Transmutations
 + Level 8.4 Fire Magic
 + Level 12.6 Earth Magic
 + Level 7.9 Evocations


You had 25 spell levels left.
You knew the following spells:

 Your Spells              Type           Power        Failure   Level  Hunger
a - Stone Arrow           Conj/Erth      ######       1%          3    None
b - Sticky Flame          Conj/Fire      ######..     1%          4    None
c - Lee's Rapid Deconstr  Erth           #######...   1%          5    None
d - Passwall              Trmt/Erth      ######....   1%          2    None
f - Sandblast             Erth           ######       1%          1    None


Dungeon Overview and Level Annotations

Branches:
Dungeon (12/15)            Temple (1/1) D:6            Lair (8/8) D:10
  Swamp (0/4) Lair:5       Spider (0/4) Lair:5        Slime (0/6) Lair:8
    Orc (2/2) D:9             Elf (1/3) Orc:2

Altars:
Ashenzari
Gozag
Makhleb
Nemelex Xobeh
Pakellas
Sif Muna
Trog
Vehumet
Yredelemnul
Zin

Shops:
D:10 %   D:11 %   Orc:2 [*((   Elf:1 =


Innate Abilities, Weirdness & Mutations

You are resistant to torment.
Your stone body is resilient (AC +11).
You are immune to poison.
Your large and strong wings let you fly indefinitely.
You resist negative energy.
You are resistant to electric shocks.
You can survive without breathing.
You are immune to petrification.
You are immune to rotting.


Message History

Aiming: Lee's Rapid Deconstruction
Press: ? - help, Dir - move target cursor Really fire at your air elemental?
The wall shatters!
The blast of rock fragments hits the deep elf archer.
You kill the deep elf archer!
Vehumet accepts your kill.
You feel your power returning.
You hear a shout!
Things that are here:
a scimitar; a ring mail You start resting.
Your extra speed is starting to run out.
You start resting.
You feel yourself slow down.
You start resting.
Your air elemental disappears in a puff of smoke!
You feel yourself speed up.
The deep elf archer shoots an arrow.
The arrow hits you!!
You die...

#.#####.... #.#####.... ##
###.......... ..###########
#......[#.... ....#.......#
##.......#....
....#.....e.########.............
....#.........)...###........##.#
............####.(# #.......###.#
##.#.......# #)@)# ###.[.......#
#.#.......###.### ###...#####
....#........##e# #...#
..e#...e......#)# #...# ##
...#............# ######...####.
..#...[.....)).####.............
∩............)...#..........[).).
...............).#.#......#......
.}.............#.#.#####.###.####


You could see a deep elf archer.

Vanquished Creatures
  Rupert (Lair:8)
  Maud (Lair:4)
  A deep elf sorcerer (Elf:1)
  2 orc warlords (Orc:1)
  A deep elf elementalist (Elf:1)
  5 dire elephants (Lair:8)
  An ettin (Orc:2)
  Josephine (Lair:4)
  The ghost of Rarok the Protected, a journeyman DsGl (Lair:3)
  2 hydras
  An anaconda (Lair:8)
  7 dancing weapons (Elf:1)
  4 death yaks (Lair:3)
  Urug (Lair:3)
  5 orc high priests (Orc:2)
  The ghost of Snarg the Covert, a novice OpVM of Ashenzari (D:10)
  Nergalle (D:11)
  6 deep elf knights
  2 deep elf archers (Elf:1)
  9 orc knights
  3 hill giants
  4 orc sorcerers
  27 deep elf magi (Elf:1)
  3 oklob plants (Lair:7)
  A griffon (Lair:7)
  9 elephants
  6 black mambas
  A torpor snail (Lair:6)
  6 rime drakes
  2 kobold demonologists (D:12)
  12 spiny frogs
  13 komodo dragons
  6 trolls
  A polar bear (Lair:5)
  A jumping spider (Lair:5)
  A two-headed ogre (D:11)
  A queen bee (Lair:6)
  Prince Ribbit (D:5)
  23 blink frogs
  3 slime creatures
  2 water elementals (Elf:1)
  5 redbacks (Lair:5)
  5 wraiths (Lair:4)
  26 yaks
  A vampire (D:11)
  2 wyverns
  8 hippogriffs
  A steam dragon (Lair:3)
  2 basilisks
  Menkaure (D:6)
  A hungry ghost (D:7)
  6 wargs
  6 swamp worms (Lair:5)
  10 porcupines
  16 water moccasins
  Duvessa (D:5)
  4 black bears
  47 orc warriors
  A sky beast (D:5)
  A wasp (D:12)
  2 ice beasts
  15 ogres
  5 centaurs
  A phantom (D:7)
  12 wolves
  13 crocodiles
  3 big kobolds
  An earth elemental (Elf:1)
  23 giant frogs
  2 scorpions
  Dowan (D:5)
  30 killer bees
  3 wights (D:9)
  4 electric eels
  6 howler monkeys (D:10)
  4 crimson imps
  A giant frog zombie (D:6)
  A quasit (D:5)
  13 orc wizards
  32 orc priests
  5 giant frog skeletons
  2 hounds (D:10)
  2 jellies (Lair:8)
  Ijyb (D:3)
  10 worker ants
  10 iguanas
  A killer bee zombie (D:9)
  12 sheep
  A hound skeleton (D:7)
  6 gnolls
  17 adders
  27 river rats
  2 shadow imps (D:5)
  An ooze (D:2)
  An adder skeleton (D:7)
  3 worms
  A dart slug (D:1)
  12 giant geckos
  77 orcs
  12 bats
  4 giant cockroaches
  8 goblins
  6 hobgoblins
  14 jackals
  6 quokkas
  2 ball pythons
  A giant gecko skeleton (D:6)
  7 giant newts
  A jackal zombie (D:5)
  21 kobolds
  A quokka skeleton (D:5)
  3 rats
  A butterfly (Lair:2)
  A plant (Lair:8)
774 creatures vanquished.

Vanquished Creatures (others)
  An orc priest (Orc:2)
  A butterfly (Lair:6)
  2 fungi
  5 plants
9 creatures vanquished.

Grand Total: 783 creatures vanquished

Notes
Turn   | Place    | Note
--------------------------------------------------------------
     0 | D:1      | turokix the Gargoyle Earth Elementalist began the quest for the Orb.
     0 | D:1      | Reached XP level 1. HP: 10/10 MP: 3/3
   122 | D:1      | Reached XP level 2. HP: 15/15 MP: 3/5
   480 | D:1      | Reached XP level 3. HP: 10/19 MP: 0/7
   513 | D:1      | Learned a level 3 spell: Stone Arrow
  1131 | D:2      | Reached XP level 4. HP: 21/24 MP: 0/8
  1255 | D:2      | Reached skill level 1 in Conjurations
  1668 | D:3      | Reached XP level 5. HP: 26/28 MP: 2/10
  1677 | D:3      | Learned a level 5 spell: Lee's Rapid Deconstruction
  1680 | D:3      | Learned a level 2 spell: Passwall
  1879 | D:3      | Noticed Ijyb
  1905 | D:3      | Killed Ijyb
  1905 | D:3      | Reached skill level 5 in Earth Magic
  2661 | D:4      | Found a radiant altar of Vehumet.
  2668 | D:4      | Became a worshipper of Vehumet
  2868 | D:4      | Reached XP level 6. HP: 20/32 MP: 9/12
  3053 | D:4      | Found an opulent altar of Gozag.
  3295 | D:4      | Found a radiant altar of Vehumet.
  3363 | D:5      | Entered Level 5 of the Dungeon
  3398 | D:5      | Reached XP level 7. HP: 19/36 MP: 1/14
  3590 | D:5      | Reached skill level 5 in Spellcasting
  3609 | D:5      | Noticed Prince Ribbit
  3617 | D:5      | Killed Prince Ribbit
  3722 | D:5      | Reached * piety under Vehumet
  3722 | D:5      | Offered knowledge of Magic Dart by Vehumet.
  3728 | D:5      | Noticed Dowan
  3729 | D:5      | Noticed Duvessa
  3977 | D:5      | Found a burning altar of Makhleb.
  4011 | D:5      | Reached XP level 8. HP: 41/41 MP: 13/17
  4104 | D:5      | Reached skill level 1 in Maces & Flails
  4120 | D:5      | Found a basalt altar of Yredelemnul.
  4154 | D:5      | Found a shattered altar of Ashenzari.
  4403 | D:5      | Reached skill level 1 in Fighting
  4712 | D:5      | Killed Duvessa
  4712 | D:5      | Reached skill level 1 in Evocations
  4722 | D:5      | Killed Dowan
  4722 | D:5      | Reached skill level 1 in Armour
  5100 | D:6      | Reached skill level 5 in Conjurations
  5100 | D:6      | Reached XP level 9. HP: 30/48 MP: 0/18
  5257 | D:6      | Found a glowing silver altar of Zin.
  5371 | D:6      | Found a staircase to the Ecumenical Temple.
  5376 | Temple   | Entered the Ecumenical Temple
  5449 | D:6      | Found a deep blue altar of Sif Muna.
  5480 | D:6      | Noticed Menkaure
  5484 | D:6      | Killed Menkaure
  5686 | D:7      | HP: 2/49 [killer bee (6)]
  5955 | D:7      | Offered knowledge of Throw Flame by Vehumet.
  5959 | D:7      | Learned a level 2 spell: Throw Flame
  5963 | D:7      | Reached ** piety under Vehumet
  6303 | D:7      | Reached skill level 1 in Fire Magic
  6645 | D:7      | Found a bloodstained altar of Trog.
  6821 | D:7      | Reached XP level 10. HP: 56/56 MP: 1/21
  6962 | D:7      | Offered knowledge of Inner Flame by Vehumet.
  7032 | D:7      | Found a sparkling altar of Nemelex Xobeh.
  7270 | D:8      | Got a bound lapis lazuli ring
  7323 | D:8      | Identified the ring "Ypif" {rC+ rN+ MR+ Dex+2 Stlth+} (You found it on level 8 of the Dungeon)
  7376 | D:8      | Reached *** piety under Vehumet
  7959 | D:9      | Offered knowledge of Sticky Flame by Vehumet.
  7968 | D:9      | Learned a level 4 spell: Sticky Flame
  7984 | D:9      | Found a staircase to the Orcish Mines.
  8625 | D:10     | Entered Level 10 of the Dungeon
  8714 | D:10     | Noticed Snarg's ghost (novice OpVM)
  8945 | D:10     | Found a staircase to the Lair.
  9200 | D:10     | Found Zinuasab's Food Shoppe.
  9259 | D:10     | Reached skill level 1 in Staves
  9548 | D:10     | Noticed a hill giant
  9552 | D:10     | Killed a hill giant
  9552 | D:10     | Reached XP level 11. HP: 62/62 MP: 23/23
  9614 | D:10     | Killed Snarg's ghost
  9614 | D:10     | Reached **** piety under Vehumet
  9680 | D:11     | Found Jyuschaf's Food Shop.
  9723 | D:11     | Noticed a hill giant
  9729 | D:11     | Killed a hill giant
  9830 | D:11     | Reached skill level 5 in Fighting
  9848 | D:11     | Noticed Nergalle
  9856 | D:11     | Killed Nergalle
  9980 | D:11     | Offered knowledge of Irradiate by Vehumet.
 10029 | D:11     | Noticed a hill giant
 10034 | D:11     | Killed a hill giant
 10566 | D:12     | Reached skill level 5 in Armour
 10790 | D:12     | Noticed a cyclops
 10882 | Lair:1   | Entered Level 1 of the Lair of Beasts
 11217 | Lair:1   | Reached skill level 5 in Dodging
 11217 | Lair:1   | Reached XP level 12. HP: 69/69 MP: 25/25
 11503 | Lair:1   | Identified a scroll of acquirement
 11504 | Lair:1   | Identified the Collected Works on the Damaging Mountains (You acquired it on level 1 of the Lair of Beasts)
 12054 | Lair:2   | Reached ***** piety under Vehumet
 12149 | Lair:2   | Offered knowledge of Fulminant Prism by Vehumet.
 12995 | Lair:2   | Reached skill level 5 in Fire Magic
 13027 | Lair:3   | Noticed Urug
 13289 | Lair:3   | Killed Urug
 13533 | Lair:3   | Reached skill level 10 in Spellcasting
 13533 | Lair:3   | Reached skill level 10 in Earth Magic
 13533 | Lair:3   | Reached skill level 5 in Evocations
 13613 | Lair:3   | Noticed Rarok's ghost (journeyman DsGl)
 14340 | Lair:3   | Noticed a death yak
 14341 | Lair:3   | Noticed a death yak
 14341 | Lair:3   | Noticed a death yak
 14357 | Lair:3   | Killed a death yak
 14366 | Lair:3   | Noticed a death yak
 14384 | Lair:3   | Killed a death yak
 14389 | Lair:3   | Killed a death yak
 14398 | Lair:3   | Killed a death yak
 14398 | Lair:3   | Reached XP level 13. HP: 53/76 MP: 6/27
 15269 | Lair:4   | Noticed Josephine
 15290 | Lair:4   | Killed Josephine
 16072 | Lair:4   | Noticed Maud
 16086 | Lair:4   | Killed Maud
 16086 | Lair:4   | Reached skill level 5 in Staves
 16086 | Lair:4   | Reached skill level 1 in Shields
 16438 | Lair:5   | Found a hole to the Spider Nest.
 16659 | Lair:5   | Found an oddly glowing altar of Pakellas.
 16695 | Lair:5   | Found a staircase to the Swamp.
 17107 | Lair:5   | Offered knowledge of Spellforged Servitor by Vehumet.
 17987 | Lair:6   | Got a jewelled ring mail
 17998 | Lair:6   | Identified the cursed +1 ring mail of Yredelemnul's Regard {*Drain Str+3 Int+6} (You found it on level 6 of the Lair of Beasts)
 18224 | Lair:6   | Gained mutation: Your large and strong wings let you fly indefinitely. [Gargoyle growth]
 18224 | Lair:6   | Reached XP level 14. HP: 54/83 MP: 29/29
 19146 | Lair:7   | Offered knowledge of Conjure Ball Lightning by Vehumet.
 19629 | Lair:8   | Entered Level 8 of the Lair of Beasts
 19770 | Lair:8   | Noticed Rupert
 19778 | Lair:8   | Killed Rupert
 20060 | Lair:8   | Found a staircase to the Slime Pits.
 20624 | Lair:8   | Noticed a dire elephant
 20624 | Lair:8   | Noticed a dire elephant
 20627 | Lair:8   | Noticed a dire elephant
 20657 | Lair:8   | Killed a dire elephant
 20667 | Lair:8   | Noticed a dire elephant
 20672 | Lair:8   | Killed a dire elephant
 20677 | Lair:8   | Noticed a dire elephant
 20975 | Lair:8   | Noticed a dire elephant
 20989 | Lair:8   | Killed a dire elephant
 21135 | Lair:8   | Killed a dire elephant
 21378 | Lair:8   | Killed a dire elephant
 22336 | Lair:3   | Killed Rarok's ghost
 22412 | Orc:1    | Entered Level 1 of the Orcish Mines
 22721 | Orc:1    | Noticed an orc warlord
 22756 | Orc:1    | Killed an orc warlord
 22756 | Orc:1    | Reached skill level 5 in Shields
 22756 | Orc:1    | Reached skill level 10 in Conjurations
 22756 | Orc:1    | Reached XP level 15. HP: 61/89 MP: 13/30
 23134 | Orc:1    | Offered knowledge of Poisonous Cloud by Vehumet.
 23515 | Orc:2    | Entered Level 2 of the Orcish Mines
 24113 | Orc:2    | Found a staircase to the Elven Halls.
 24866 | Orc:2    | Noticed an orc warlord
 24880 | Orc:2    | Paralysed by an orc sorcerer for 7 turns
 24897 | Orc:1    | HP: 3/90 [orc warlord/great mace (22)]
 25206 | Orc:1    | Killed an orc warlord
 25572 | Orc:2    | Offered knowledge of Ozocubu's Refrigeration by Vehumet.
 26546 | Orc:2    | Found Hirghanu's Weapon Shop.
 26547 | Orc:2    | Found Ruwnelepru's General Store.
 26547 | Orc:2    | Found Vaic's Antique Weapon Boutique.
 26548 | Orc:2    | Found Wuvusom's Antique Armour Shop.
 26562 | Orc:2    | Bought a jewelled helmet for 247 gold pieces
 26572 | Orc:2    | Identified the cursed +0 helmet "Fuom" {rPois rCorr} (You bought it in a shop on level 2 of the Orcish Mines)
 26579 | Orc:2    | Bought the +5 quarterstaff of Unpleasantness {freeze, +Blink rF+++ rC+ Dex-4} for 877 gold pieces
 26583 | Orc:2    | Bought a glowing shield for 117 gold pieces
 26957 | Elf:1    | Entered Level 1 of the Elven Halls
 27728 | Elf:1    | Reached XP level 16. HP: 83/96 MP: 18/32
 28345 | Elf:1    | Found Bylu Puurgh's Jewellery Boutique.
 28390 | Elf:1    | HP: 2/97 [deep elf archer/arrow (18)]
 28425 | Elf:1    | Shot with an arrow by a deep elf archer

Skill      XL: |  1  2  3  4  5  6  7  8  9 10 11 12 13 14 15 16 |
---------------+-------------------------------------------------+-----
Earth Magic    | 4 5 6 7 8 9 10 11 12 | 12.6
Spellcasting   | 3 4 6 7 8 9 10 11 12 | 12.7
Conjurations   | 1 2 3 4 5 6 7 8 9 10 | 10.6
Maces & Flails | 2 3 |  3.7
Fighting       | 2 3 4 5 6 7 8 9 |  9.8
Dodging        | 2 3 4 5 6 7 8 |  8.0
Evocations     | 1 2 3 4 5 6 7 |  7.9
Armour         | 1 3 4 5 6 |  6.0
Fire Magic     | 1 3 4 5 6 7 8 |  8.4
Staves         | 1 3 4 5 6 7 |  7.8
Shields        | 3 5 6 7 |  7.0
Stealth        | |  2.1
Transmutations | |  0.7

Action                   |  1- 3 |  4- 6 |  7- 9 | 10-12 | 13-15 | 16-18 || total
-------------------------+-------+-------+-------+-------+-------+-------++-------
Melee: Club              |    43 |       |       |       |       |       ||    43
       Whip              |       |    64 |    87 |    48 |    95 |       ||   294
       Staff             |       |       |       |    67 |   183 |     5 ||   255
 Cast: Sandblast         |    64 |   108 |   111 |    13 |       |       ||   296
       Stone Arrow       |       |       |    66 |   423 |   760 |    43 ||  1292
       Sticky Flame      |       |       |       |    33 |   166 |    17 ||   216
       Lee's Rapid Decon |       |       |       |       |    15 |     5 ||    20
 Abil: Fly               |       |       |       |       |     1 |       ||     1
Evoke: Wand              |       |       |       |       |    16 |     1 ||    17
       Fan of gales      |       |       |       |       |     1 |     1 ||     2
  Use: Scroll            |       |     6 |     1 |    18 |    22 |       ||    47
       Potion            |       |       |     2 |     4 |     7 |     2 ||    15
  Eat: Chunk             |     1 |     7 |     8 |    23 |    50 |     1 ||    90
       Bread ration      |       |       |     1 |       |       |       ||     1
       Fruit             |       |       |     1 |       |       |       ||     1
       Pizza             |       |       |       |       |     1 |       ||     1
Armor: Robe              |    20 |    59 |   113 |    24 |       |       ||   216
       Leather armour    |       |       |       |    91 |    79 |       ||   170
       Ring mail         |       |       |       |       |   279 |    12 ||   291
Dodge: Dodged            |    53 |   104 |   146 |   176 |   394 |    19 ||   892
